 Dungeon Crawl Stone Soup version 0.28-a0-863-g8cecda6153 (webtiles) character file.

Game seed: 15962722599336123771

83 Armakuni the Gusty (level 4, -2/30 HPs)
             Began as a Human Air Elementalist on Nov 18, 2021.
             Succumbed to Crazy Yiuf's poison
             ... on level 2 of the Dungeon.
             The game lasted 00:05:44 (2732 turns).

Armakuni the Gusty (Human Air Elementalist)         Turns: 2732, Time: 00:05:45

Health: -2/30      AC:  4    Str:  9    XL:     4   Next: 71%
Magic:  0/8        EV: 12    Int: 16    God:
Gold:   100        SH:  0    Dex: 13    Spells: 6/9 levels left

rFire   . . .      SeeInvis .   a - +1 dagger (holy)
rCold   . . .      Faith    .   (no shield)
rNeg    . . .      Spirit   .   e - +0 robe
rPois   .          Reflect  .   b - +0 helmet
rElec   .          Harm     .   g - +0 cloak
rCorr   .          Rampage  .   (no gloves)
Will    .....                   (no boots)
Stlth   ++........              (no amulet)
HPRegen 0.10/turn               (no ring)
MPRegen 0.11/turn               (no ring)

@: lethally poisoned (-2 -> -30), very slightly contaminated
A: no striking features
a: no special abilities


You were on level 2 of the Dungeon.
You visited 1 branch of the dungeon, and saw 3 of its levels.

You collected 100 gold pieces.

Inventory:

Hand Weapons
 a - a +1 dagger of holy wrath (weapon)
 k - a +0 flail of protection
Missiles
 i - 6 javelins
 p - 11 poisoned darts
 q - a throwing net
Armour
 b - a +0 helmet (worn)
 c - a +0 ring mail
 e - a +0 robe (worn)
 g - a +0 cloak (worn)
Jewellery
 h - an amulet of faith
 l - a ring of wizardry
Scrolls
 d - a scroll of immolation {unknown}
 j - a scroll of teleportation
 m - a scroll of torment {unknown}
 o - a scroll of magic mapping {unknown}
 r - a scroll of holy word {unknown}
Potions
 f - 2 potions of lignification {unknown}
 n - a potion of haste


   Skills:
 - Level 2.0 Dodging
 - Level 2.0 Stealth
 + Level 3.3 Spellcasting
 - Level 1.0 Conjurations
 + Level 4.1 Air Magic


You had 6 spell levels left.
You knew the following spells:

 Your Spells              Type           Power      Damage    Failure   Level
a - Shock                 Conj/Air       40%        1d5       6%          1
s - Static Discharge      Conj/Air       10%        N/A       10%         2

Your spell library contained the following spells:

 Spells                   Type           Power      Damage    Failure   Level
 Swiftness                Air            16%        N/A       10%         3
 Airstrike                Air            8%         N/A       32%         4
 Malign Gateway           Summ/Tloc      1%         N/A       100%        7
 Summon Horrible Things   Summ           1%         N/A       100%        8


Dungeon Overview and Level Annotations

Branches:
Dungeon (3/15)

Altars:


Message History

Crazy Yiuf shouts!
Press: ? - help, v - describe, . - travel
Here: Crazy Yiuf, wielding a +2 quarterstaff of chaos and wearing a +0 cloak (fire blocked by a runed translucent door)
The floor.
Unknown command.
You open the door.
Casting: Shock (safe; 6% risk of failure)
Confirm with . or Enter, or press ? or * to list all spells.
You miscast Static Discharge.
You are very lightly contaminated with residual magic.
Nothing appears to happen.
Crazy Yiuf hits you with a +2 quarterstaff of chaos.
Crazy Yiuf burns you.
Unknown command.
Casting: Static Discharge (safe; 10% risk of failure)
Confirm with . or Enter, or press ? or * to list all spells.
Crazy Yiuf is struck by an arc of lightning!
Crazy Yiuf is heavily wounded.
The lightning grounds out.
Crazy Yiuf hits you with a +2 quarterstaff of chaos!
You are poisoned.
Unknown command.
Casting: Static Discharge (safe; 10% risk of failure)
Confirm with . or Enter, or press ? or * to list all spells.
Crazy Yiuf is struck by an arc of lightning!
Crazy Yiuf is almost dead.
You are struck by an arc of lightning.
The lightning grounds out.
You feel sick.
Crazy Yiuf hits you with a +2 quarterstaff of chaos!
* * * LOW HITPOINT WARNING * * *
You are more poisoned.
Unknown command.
Casting: Static Discharge (safe; 10% risk of failure)
Confirm with . or Enter, or press ? or * to list all spells.
Crazy Yiuf is struck by an arc of lightning.
You kill Crazy Yiuf!
You are struck by an arc of lightning.
* * * LOW HITPOINT WARNING * * *
The lightning grounds out.
You die...

..........................#
.....#.....##############.#
####.......# #.# ###...###
#.# #..># #.# #...#
♣♣♣♣♣##.## ##### ###
♣♣♣.♣...#..#
#...#♣..♣...)...#
#...)@♣♣♣♣......# #)..#♣♣
♣♣.)#.## ### ♣♣####


There were no monsters in sight!

Vanquished Creatures
  Crazy Yiuf (D:2)
  Terence (D:2)
  An adder (D:2)
  2 dart slugs
  3 orcs (D:2)
  3 ball pythons
  An endoplasm (D:1)
  6 goblins
  3 hobgoblins (D:1)
  5 kobolds
  2 quokkas
  9 frilled lizards
  6 rats
  A spectral kobold (D:2)
44 creatures vanquished.

Notes
Turn   | Place    | Note
-------+----------+-------------------------------------------
     0 | D:1      | Armakuni the Human Air Elementalist began the quest for the
                  | Orb.
     0 | D:1      | Reached XP level 1. HP: 13/13 MP: 3/3
   161 | D:1      | Reached XP level 2. HP: 10/19 MP: 0/5
   702 | D:1      | Learned a level 2 spell: Static Discharge
  1241 | D:1      | Reached XP level 3. HP: 24/24 MP: 2/6
  1570 | D:2      | Noticed Terence
  1959 | D:2      | Reached XP level 4. HP: 30/30 MP: 2/8
  2165 | D:2      | Killed Terence
  2166 | D:2      | Reached skill level 4 in Air Magic
  2400 | D:2      | Found a faded altar of an unknown god.
  2724 | D:2      | Found a runed translucent door.
  2725 | D:2      | Noticed Crazy Yiuf
  2732 | D:2      | Killed Crazy Yiuf
  2732 | D:2      | Succumbed to Crazy Yiuf's poison

Illustrated notes

Levels and vault maps discovered:
D:1:      denvon_arrival_planthouse, layout_loops_corners
D:2:      layout_rooms, dreamdust_ecumenical_altar_drowned_temple,
          minmay_lizard_pond, uniq_terence, uniq_crazy_yiuf_cottage
D:3:      layout_basic, gammafunk_ghost_split, uniq_robin

Skill      XL: |  1  2  3  4 |
---------------+-------------+-----
Spellcasting   | 3 |  3.3
Air Magic      | 4 |  4.1
Dodging        | |  2.0
Stealth        | |  2.0
Conjurations   | |  1.0

Action                   |  1- 3 |  4- 6 || total
-------------------------+-------+-------++-------
Melee: Unarmed           |     5 |       ||     5
       Dagger            |     7 |    14 ||    21
       Flail             |       |     1 ||     1
 Cast: Shock             |    52 |     6 ||    58
       Static Discharge  |     7 |    14 ||    21
  Use: Scroll            |     3 |       ||     3
 Stab: Sleeping          |       |     1 ||     1
Armor: Robe              |     7 |     5 ||    12
Dodge: Dodged            |    13 |    16 ||    29

Table legend: (Time is in decaauts)
 A = Elapsed time spent in this place.
 B = Non-inter-level travel time spent in this place.
 C = Inter-level travel time spent in this place.
 D = Time resting spent in this place.
 E = Time spent auto-exploring this place.
 F = Levels seen in this place.
 G = Mean time per level.
                   A        B        C        D        E       F      G
               +--------+--------+--------+--------+--------+-----+--------+
         Total |   2741 |   2654 |     87 |    474 |   1657 |   3 |  913.7 |
       Dungeon |   2741 |   2654 |     87 |    474 |   1657 |   3 |  913.7 |
               +--------+--------+--------+--------+--------+-----+--------+

Top non-repeatable levels by time:
     D:1: 1762 daAuts
     D:2: 969 daAuts
     D:3: 9 daAuts
